 Dungeon Crawl Stone Soup version 0.16.1-5-gaa23807 (console) character file.

2026 Monkaria the Protected (level 9, 0/79 HPs)
             Began as a Minotaur Skald on Mar 28, 2015.
             Was a Follower of Fedhas.
             Slain by Psyche
             ... wielding a +3 dagger of chaos
              (2 damage)
             ... while paralysed by something
             ... on level 8 of the Dungeon.
             The game lasted 00:14:17 (8873 turns).

Monkaria the Protected (Minotaur Skald)             Turns: 8873, Time: 00:14:18

Health: 0/79       AC:  9    Str: 18    XL:     9   Next: 3%
Magic:  7/7        EV:  2    Int: 13    God:    Fedhas [*.....]
Gold:   161        SH:  0    Dex: 12    Spells: 1 memorised, 9 levels left

rFire  . . .     SeeInvis .     I - +2 scimitar
rCold  . . .     Clarity  +     f - +0 scale mail
rNeg   . . .     SustAb   .     (no shield)
rPois  .         Gourm    .     (helmet restricted)
rElec  .         Spirit   .     C - +0 cloak
rCorr  .         Warding  .     (no gloves)
rMut   .         Stasis   .     (no boots)
MR     .....                    (no amulet)
Stlth  ..........               (no ring)
                                F - +4 ring of intelligence

@: paralysed, lethally poisoned (0 -> -7), very slightly contaminated, drained,
not resistant to hostile enchantments, extremely unstealthy
A: retaliatory headbutt, horns 2, blurry vision 1, clarity, deterioration 1
a: Evolution, Renounce Religion


You were on level 8 of the Dungeon.
You worshipped Fedhas.
Fedhas was aware of your devotion.
You were not hungry.

You visited 2 branches of the dungeon, and saw 9 of its levels.

You collected 406 gold pieces.
You spent 245 gold pieces at shops.

Inventory:

Hand weapons
 I - a +2 scimitar (weapon)
Missiles
 g - 7 needles of frenzy
 r - 23 poisoned needles
Armour
 f - a +0 scale mail (worn)
 C - a +0 cloak (worn)
Jewellery
 t - an uncursed ring of fire
 y - an uncursed ring of ice
 F - a +4 ring of intelligence (left hand)
Magical devices
 x - a wand of slowing (25)
 B - a wand of draining (6)
 G - a wand of random effects (12)
 K - a wand of random effects (32)
 L - a wand of lightning (8)
Scrolls
 h - 3 scrolls of recharging
 i - 2 scrolls of amnesia {unknown}
 k - 5 scrolls of remove curse {unknown}
 l - 2 scrolls of enchant weapon {unknown}
 m - 6 scrolls of enchant armour {unknown}
 n - 2 scrolls of random uselessness {unknown}
 p - 2 scrolls of teleportation {unknown}
 s - 3 scrolls of blinking
 v - a scroll of fear {unknown}
 z - a scroll of immolation {unknown}
 D - 2 scrolls of magic mapping
 E - a scroll of fog
 J - a scroll of summoning {unknown}
Potions
 e - a potion of restore abilities
 q - a potion of flight
Books
 a - a book of Debilitation

   Spells                             Type                      Level
   a - Corona                         Hexes                        1
   b - Slow                           Hexes                        2
   c - Inner Flame                    Hexes/Fire                   3
   d - Enslavement                    Hexes                        4
   e - Cause Fear                     Hexes                        4
   f - Leda's Liquefaction            Hexes/Earth                  4
 b - a book of the Warp

   Spells                             Type                      Level
   a - Recall                         Summoning/Translocation      3
   b - Control Teleport               Charms/Translocation         4
   c - Force Lance                    Conjuration/Translocation    4
   d - Phase Shift                    Translocation                5
   e - Warp Weapon                    Charms/Translocation         5
   f - Gell's Gravitas                Hexes/Translocation          5
   g - Summon Forest                  Summoning/Translocation      5
 c - a book of Battle

   Spells                             Type                      Level
   a - Infusion                       Charms                       1
   b - Shroud of Golubria             Charms/Translocation         2
   c - Song of Slaying                Charms                       2
   d - Spectral Weapon                Hexes/Charms                 3
   e - Regeneration                   Charms/Necromancy            3
 u - a book of Cantrips

   Spells                             Type                      Level
   a - Corona                         Hexes                        1
   b - Animate Skeleton               Necromancy                   1
   c - Summon Small Mammal            Summoning                    1
   d - Apportation                    Translocation                1
 H - a book of Power

   Spells                             Type                      Level
   a - Fulminant Prism                Conjuration/Hexes            4
   b - Iskenderun's Mystic Blast      Conjuration                  4
   c - Venom Bolt                     Conjuration/Poison           5
   d - Bolt of Magma                  Conjuration/Fire/Earth       5
   e - Iron Shot                      Conjuration/Earth            6
   f - Orb of Destruction             Conjuration                  7
   g - Spellforged Servitor           Conjuration/Summoning        7
Comestibles
 d - 3 bread rations
 j - 2 fruits
 o - 2 meat rations
 w - a slice of pizza


   Skills:
 - Level 7.0(6.5) Fighting
 - Level 9.0(8.4) Long Blades
 + Level 9.1(8.6) Armour
 - Level 1.1(0.6) Dodging
 - Level 1.3(0.9) Spellcasting
 - Level 2.0(1.5) Charms


You had 9 spell levels left.
You knew the following spells:

 Your Spells              Type           Power        Failure   Level  Hunger
a - Infusion              Chrm           #.....       45%         1    ##.....


Dungeon Overview and Level Annotations

Branches:
Dungeon (8/15)             Temple (1/1) D:7
   Lair: D:8-11

Altars:
Ashenzari
Cheibriados
Dithmenos
Elyvilon
Fedhas
Kikubaaqudgha
Makhleb
Nemelex Xobeh
Okawaru
Qazlal
Ru
Sif Muna
Trog
Vehumet
Xom
Yredelemnul
Zin
The Shining One

Shops:
D:5 ?

Annotations:
D:8 Psyche


Innate Abilities, Weirdness & Mutations

You reflexively headbutt those who attack you in melee.
You have a pair of horns on your head.
Scrolls take you a little longer to read.
You possess an exceptional clarity of mind.
Your body is slowly deteriorating.


Message History

The puff of flame hits you!
* * * LOW HITPOINT WARNING * * *
Something hits you.
* * * LOW HITPOINT WARNING * * *
Something burns you.
* * * LOW HITPOINT WARNING * * *
Unknown command.
Read which item? (? for menu, Esc to quit)
* * * LOW HITPOINT WARNING * * *
You feel sick. Something hits you but does no damage.
You suddenly lose the ability to move!
* * * LOW HITPOINT WARNING * * *
You feel sick. Something hits you.
* * * LOW HITPOINT WARNING * * *
Something burns you.
* * * LOW HITPOINT WARNING * * *
* * * LOW HITPOINT WARNING * * *
You feel sick. Something hits you.
You die...
Fedhas appreciates your contribution to the ecosystem.

#### ... ##.# ######.#
####......####
###......{.....##...
###.........@.........
##...................#.
##.....................
##.............<........
##.......................
>.......................
.......................
......................
...................


There were no monsters in sight!

Vanquished Creatures
  A sky beast (D:7)
  3 ogres (D:5)
  The ghost of flinch the Caller, an average FoSu (D:4)
  2 centaurs (D:7)
  4 scorpions
  5 wights (D:7)
  A goliath beetle (D:6)
  A crimson imp (D:5)
  2 hounds
  2 vampire bats (D:2)
  A centaur skeleton (D:7)
  A gnoll shaman (D:5)
  An orc priest (D:5)
  2 giant frog skeletons
  4 iguanas
  A jelly (D:5)
  A centaur zombie (D:6)
  3 orc wizards
  5 worker ants
  A worker ant zombie (D:7)
  5 gnolls (D:5)
  7 adders
  4 shadow imps
  2 worms
  A giant mite (D:2)
  An adder skeleton (D:8)
  3 giant geckos
  An ooze (D:3)
  21 orcs
  16 bats
  5 bat skeletons
  5 bat zombies
  11 goblins
  7 hobgoblins
  2 quokkas
  8 giant cockroaches
  2 giant gecko skeletons (D:4)
  6 giant newts
  13 jackals
  A jackal skeleton (D:7)
  11 kobolds
  A quokka zombie (D:5)
  4 rats
  A butterfly (D:7)
180 creatures vanquished.

Vanquished Creatures (others)
  42 toadstools
42 creatures vanquished.

Grand Total: 222 creatures vanquished

Notes
Turn   | Place    | Note
--------------------------------------------------------------
     0 | D:1      | Monkaria, the Minotaur Skald, began the quest for the Orb.
     0 | D:1      | Reached XP level 1. HP: 18/18 MP: 2/2
    48 | D:1      | Reached skill level 3 in Fighting
   165 | D:1      | Reached XP level 2. HP: 16/26 MP: 2/2
   543 | D:2      | Reached skill level 4 in Fighting
   575 | D:2      | Reached XP level 3. HP: 20/34 MP: 3/3
   895 | D:2      | Found a deep blue altar of Sif Muna.
   895 | D:2      | Found a glowing silver altar of Zin.
   982 | D:2      | Reached skill level 5 in Fighting
   983 | D:2      | Found an ancient bone altar of Kikubaaqudgha.
   983 | D:2      | Noticed a vampire bat
   983 | D:2      | Noticed a vampire bat
   984 | D:2      | Killed a vampire bat
   984 | D:2      | Reached XP level 4. HP: 35/42 MP: 4/4
  1003 | D:2      | Killed a vampire bat
  1003 | D:2      | Reached skill level 6 in Fighting
  1305 | D:2      | Found a stormy altar of Qazlal.
  1456 | D:3      | Reached XP level 5. HP: 40/51 MP: 4/4
  1477 | D:3      | Found a white marble altar of Elyvilon.
  1775 | D:3      | Reached skill level 7 in Fighting
  1968 | D:3      | Found a bloodstained altar of Trog.
  2653 | D:4      | Noticed flinch's ghost (average FoSu)
  2672 | D:4      | Reached XP level 6. HP: 24/60 MP: 5/5
  2698 | D:4      | HP: 3/60 [river rat[flinch's ghost] (4)]
  3048 | D:4      | Found a blossoming altar of Fedhas.
  3076 | D:4      | Found a snail-covered altar of Cheibriados.
  3234 | D:4      | Reached skill level 5 in Long Blades
  3580 | D:4      | Found a glowing golden altar of the Shining One.
  3776 | D:4      | Killed flinch's ghost
  3776 | D:4      | Reached XP level 7. HP: 28/66 MP: 6/6
  4397 | D:4      | Found a shimmering altar of Xom.
  4553 | D:4      | Became a worshipper of Fedhas Madash
  4588 | D:5      | Entered Level 5 of the Dungeon
  4687 | D:5      | Reached skill level 8 in Long Blades
  5074 | D:5      | Found Goaferat's Magic Scroll Boutique.
  5305 | D:5      | Bought a scroll of identify for 20 gold pieces
  5305 | D:5      | Bought a scroll of blinking for 75 gold pieces
  5305 | D:5      | Bought a scroll of magic mapping for 35 gold pieces
  5305 | D:5      | Bought a scroll of recharging for 95 gold pieces
  5305 | D:5      | Bought a scroll of fog for 20 gold pieces
  5346 | D:5      | HP: 2/66 [gnoll/halberd (6)]
  5560 | D:4      | Reached skill level 9 in Long Blades
  5973 | D:5      | Reached XP level 8. HP: 27/73 MP: 6/6
  6573 | D:6      | Acquired Fedhas' first power
  6620 | D:6      | Found a bloodstained altar of Trog.
  7271 | D:6      | Reached skill level 5 in Armour
  7770 | D:7      | HP: 3/73 [centaur (5)]
  8266 | D:7      | Found a staircase to the Ecumenical Temple.
  8531 | D:7      | Reached XP level 9. HP: 63/79 MP: 7/7
  8535 | D:7      | Gained mutation: Scrolls take you a little longer to read. [mutagenic meat]
  8536 | D:7      | Gained mutation: You possess an exceptional clarity of mind. [mutagenic meat]
  8537 | D:7      | Gained mutation: Your body is slowly deteriorating. [mutagenic meat]
  8590 | D:6      | Found a sparkling altar of Nemelex Xobeh.
  8590 | D:6      | Found a shattered altar of Ashenzari.
  8624 | Temple   | Entered the Ecumenical Temple
  8835 | D:8      | Noticed Psyche
  8871 | D:8      | Paralysed by something for 7 turns
  8872 | D:8      | HP: 3/79 [something (2)]
  8873 | D:8      | Slain by Psyche

Action                   |  1- 3 |  4- 6 |  7- 9 || total
-------------------------+-------+-------+-------++-------
Melee: Falchion          |    91 |   168 |   394 ||   653
       Scimitar          |       |       |    27 ||    27
Evoke: Wand              |       |       |     9 ||     9
  Use: Potion            |       |     2 |     7 ||     9
       Scroll            |       |       |     5 ||     5
 Stab: Invisible         |       |       |     1 ||     1
  Eat: Chunk             |       |     6 |    20 ||    26
       Royal jelly       |       |     1 |       ||     1
       Fruit             |       |       |     1 ||     1
